 Dungeon Crawl Stone Soup version 0.28.0-43-g3370ac3207 (webtiles) character file.

Game seed: 11035139233526106274

122 Faeu the Covered (level 4, 0/41 HPs)
             Began as a Minotaur Fighter on Mar 25, 2022.
             Slain by a gnoll
             ... wielding a +0 flail
              (5 damage)
             ... on level 2 of the Dungeon.
             The game lasted 00:06:41 (1261 turns).

Faeu the Covered (Minotaur Fighter)                 Turns: 1261, Time: 00:06:42

Health: 0/41       AC:  7    Str: 23    XL:     4   Next: 78%
Magic:  3/3        EV:  9    Int:  5    God:
Gold:   76         SH:  4    Dex:  9    Spells: 3/3 levels left

rFire   . . .      SeeInvis .   a - +0 long sword {long}
rCold   . . .      Faith    .   c - +0 buckler
rNeg    . . .      Spirit   .   b - +0 scale mail
rPois   .          Reflect  .   (helmet restricted)
rElec   .          Harm     .   (no cloak)
rCorr   .          Rampage  .   (no gloves)
Will    .....                   (no boots)
Stlth   ..........              (no amulet)
HPRegen 0.13/turn               (no ring)
MPRegen 0.08/turn               (no ring)

@: no status effects
A: horns 2, retaliatory headbutt
a: no special abilities


You were on level 2 of the Dungeon.
You visited 1 branch of the dungeon, and saw 2 of its levels.

You collected 76 gold pieces.


Innate Abilities, Weirdness & Mutations

You have a pair of horns on your head.
You reflexively headbutt those who attack you in melee.


   Skills:
 + Level 4.5 Fighting
 + Level 3.7 Long Blades
 + Level 4.6 Armour
 + Level 4.5 Shields


You had 3 spell levels left.
You didn't know any spells.
Your spell library contained the following spells:

 Spells                   Type           Power      Damage    Failure   Level
 Slow                     Hex            0%         N/A       86%         1
 Confusing Touch          Hex            0%         N/A       99%         3
 Vampiric Draining        Necr           0%         2d6       99%         3

Inventory:

Hand Weapons
 a - a +0 long sword (weapon) {long}
 h - a +2 dagger of holy wrath {short}
   (You found it on level 1 of the Dungeon)
Missiles
 f - a throwing net (quivered) {=f!fthrowing}
 l - 5 poisoned darts {throwing}
Armour
 b - a +0 scale mail (worn)
 c - a +0 buckler (worn)
Scrolls
 e - 2 scrolls of vulnerability {unknown}
 g - a scroll of fog {unknown}
 i - a scroll of amnesia {unknown}
 j - 2 scrolls of identify {unknown}
Potions
 d - a potion of might
 k - a potion of invisibility {unknown}

Dungeon Overview and Level Annotations

Branches:
Dungeon (2/15)

Altars:

Shops:
D:1

*
#.##......#
##.......##
##
#.#####.#.#
##.....## #
#.#####.#.#
##...## ###
#....)....#
##+# #[.
#######.###
#.# #.# ##.
####.####
##
#.....g.#
#.
#.##.##@#
## # #.##)#
# #..... #
####.## #
#.# #.# ..#
### ### ..


You could see a gnoll.


Message History

a +0 flail {mace}; a gnoll corpse You start resting.
A frilled lizard comes into view. ๐Ÿ˜• HP[+22]
You regained 22 hp, and now have 36/41 hp.
The frilled lizard hisses angrily.
Things that are here:
a +0 flail {mace}; a gnoll skeleton You miss the frilled lizard.
The frilled lizard barely misses you. ๐Ÿ˜• HP[+1]
You closely miss the frilled lizard.
The frilled lizard bites you but does no damage.
You miss the frilled lizard.
Your headbutt misses the frilled lizard.
The frilled lizard bites you but does no damage. x2
You hit the frilled lizard.
You kill the frilled lizard!
The bat closely misses you.
Items here: ))) รทรทรทรท โ€ .
You hit the bat.
You kill the bat! ๐Ÿ˜• HP[+1] ๐Ÿ˜• HP[+1]
e - 2 scrolls labelled ERYPHAUGUB (gained 1)
You see here 12 stones {throwing}. ๐Ÿ˜• HP[+1]
You see here a +0 leather armour.
You now have 76 gold pieces (gained 15).
You see here a +0 leather armour.
HP restored.
A frilled lizard comes into view. ๐Ÿ˜Ž HP[+1]
You miss the frilled lizard. You block the frilled lizard's attack.
You slash the frilled lizard!
You kill the frilled lizard!
You see here a frilled lizard corpse.
You see here 16 arrows.
As you open the door, it creaks loudly!
There is an open door here.
You open the door.
There is an open door here.
A ball python comes into view.
The ball python hisses angrily.
The ball python barely misses you. You furiously retaliate!
You headbutt the ball python.
You kill the ball python!
There is a stone staircase leading down here.
You see here 20 bolts.
A gnoll comes into view. It is wielding a +0 spear.
You see here 5 poisoned darts {throwing}.
The gnoll closely misses you. The gnoll hits you but does no damage.
You slash the gnoll! Your headbutt misses the gnoll.
The gnoll hits you with a +0 spear. ๐Ÿ˜• HP[-4]
You take 4 damage, and now have 37/41 hp.
You slash the gnoll!
You kill the gnoll! ๐Ÿ˜• HP[+1]
Things that are here:
a +0 spear {polearm}; a gnoll corpse
Things that are here:
a +0 spear {polearm}; a gnoll corpse You see here 5 poisoned darts {throwing}.
l - 5 poisoned darts {throwing} ๐Ÿ˜• HP[+1]
Things that are here:
a +0 spear {polearm}; a gnoll corpse A gnoll comes into view.
It is wielding a +0 club.
The gnoll shouts!
You hear a shout!
A gnoll comes into view. It is wielding a +0 flail. ๐Ÿ˜Ž HP[+2]
You barely miss the gnoll. You slash the gnoll!
The gnoll hits you with a +0 flail! The gnoll hits you with a +0 club.
The gnoll hits you with a +0 flail!
* * * LOW HITPOINT WARNING * * *
๐Ÿ˜จ HP[-22]
You take 22 damage, and now have 19/41 hp.
MASSIVE DAMAGE!! (PAUSE)
You closely miss the gnoll. The gnoll hits you but does no damage.
The gnoll barely misses you.
You closely miss the gnoll. You headbutt the gnoll.
You kill the gnoll!
The gnoll barely misses you. The gnoll hits you but does no damage.
Things that are here:
a +0 club {mace}; a gnoll corpse You closely miss the gnoll.
Your headbutt misses the gnoll. The gnoll hits you with a +0 flail.
* * * LOW HITPOINT WARNING * * *
The gnoll hits you with a +0 flail.
* * * LOW HITPOINT WARNING * * *
๐Ÿ˜จ HP[-7]
You take 7 damage, and now have 12/41 hp.
You hit the gnoll. The gnoll hits you with a +0 flail!
* * * LOW HITPOINT WARNING * * *
๐Ÿ˜ฑ HP[-7]
You take 7 damage, and now have 5/41 hp.
You hit the gnoll. The gnoll hits you with a +0 flail.
You die...

Skill      XL: |  1  2 |
---------------+-------+-----
Armour         | 4 |  4.6
Shields        | 4 |  4.5
Fighting       | 4 |  4.5
Long Blades    | 3 |  3.7

Action                   |  1- 3 |  4- 6 || total
-------------------------+-------+-------++-------
Melee: Long sword        |    78 |    27 ||   105
       Headbutt          |     6 |     4 ||    10
Armor: Scale mail        |    35 |    12 ||    47
Dodge: Dodged            |    53 |    12 ||    65
Block: Buckler           |    30 |     1 ||    31

Levels and vault maps discovered:
D:1:      mainiacjoe_arrival_reflecting_pool, layout_rooms, serial_shops, shop,
          shapermc_ecumenical_altar_totnotflames, serial_bayou_pond_a,
          minmay_split_cup_large
D:2:      minmay_spotlight, layout_loops_corners, basic_altar, kennysheep_donut,
          minmay_misc_feat_chi

Notes
Turn   | Place    | Note
-------+----------+-------------------------------------------
     0 | D:1      | Faeu the Minotaur Fighter began the quest for the Orb.
     0 | D:1      | Reached XP level 1. HP: 19/19 MP: 0/0
     0 | D:1      | magus.rc [v1.9.6]
   115 | D:1      | Reached XP level 2. HP: 25/27 MP: 1/1
   169 | D:1      | Reached skill level 4 in Armour
   169 | D:1      | Reached skill level 4 in Shields
   183 | D:1      | Reached skill level 4 in Fighting
   228 | D:1      | You pick up a book of Debilitation and begin reading...
   228 | D:1      | You add the spells Slow, Vampiric Draining and Confusing
                  | Touch to your library.
   249 | D:1      | Reached skill level 3 in Long Blades
   367 | D:1      | Found Sabag's Assorted Antiques.
   375 | D:1      | Reached XP level 3. HP: 31/33 MP: 2/2
   557 | D:1      | Found a faded altar of an unknown god.
   833 | D:2      | HP: 8/33 [gnoll/+0 spear (7)]
   835 | D:2      | Reached XP level 4. HP: 10/41 MP: 3/3
   837 | D:2      | HP: 3/41 [gnoll/+0 club (8)]
  1260 | D:2      | HP: 5/41 [gnoll/+0 flail (7)]
  1261 | D:2      | Slain by a gnoll

Vanquished Creatures
  6 gnolls (D:2)
  An adder (D:2)
  4 dart slugs
  4 bats
  An endoplasm (D:1)
  3 giant cockroaches
  A goblin (D:1)
  4 hobgoblins (D:1)
  4 jackals (D:1)
  5 kobolds (D:1)
  A quokka (D:1)
  5 ball pythons
  6 frilled lizards
  5 rats (D:1)
50 creatures vanquished.

Table legend:
 A = Non-vault XP
 B = Vault XP
 C = Vault XP percentage of total XP
 D = Non-vault monster count
 E = Vault monster count
 F = Vault count percentage of total count
                 A         B        C        D         E       F
            +---------+---------+-------+---------+---------+-------
      Total |     147 |      28 |  16.0 |      42 |       8 |  16.0
            +---------+---------+-------+---------+---------+-------
        D:1 |      53 |       6 |  10.2 |      31 |       4 |  11.4
        D:2 |      94 |      22 |  19.0 |      11 |       4 |  26.7
            +---------+---------+-------+---------+---------+-------

Illustrated notes

Table legend:
 A = Kills in this place as a percentage of kills in entire the game.
 B = Kills by you in this place as a percentage of kills by you in the entire game.
 C = Kills by friends in this place as a percentage of kills by friends in the entire game.
 D = Other kills in this place as a percentage of other kills in the entire game.
 E = Experience gained in this place as a percentage of experience gained in the entire game.
 F = Experience gained in this place divided by the number of levels of this place that you have seen.
                   A       B       C       D       E      F
               +-------+-------+-------+-------+-------+----------------------
         Total | 100.0 | 100.0 |   N/A |   N/A | 100.0 |  87.5
       Dungeon | 100.0 | 100.0 |   N/A |   N/A | 100.0 |  87.5
               +-------+-------+-------+-------+-------+----------------------

Table legend: (Time is in decaauts)
 A = Elapsed time spent in this place.
 B = Non-inter-level travel time spent in this place.
 C = Inter-level travel time spent in this place.
 D = Time resting spent in this place.
 E = Time spent auto-exploring this place.
 F = Levels seen in this place.
 G = Mean time per level.
                   A        B        C        D        E       F      G
               +--------+--------+--------+--------+--------+-----+--------+
         Total |   1291 |   1281 |     10 |    250 |    471 |   2 |  645.5 |
       Dungeon |   1291 |   1281 |     10 |    250 |    471 |   2 |  645.5 |
               +--------+--------+--------+--------+--------+-----+--------+

Top non-repeatable levels by time:
     D:1: 766 daAuts
     D:2: 525 daAuts
